 Dungeon Crawl Stone Soup version 0.16-a0-3691-gf72e470 (webtiles) character file.

72 Gorice the Changer (level 3, 0/26 HPs)
             Began as a Demigod Wanderer on Jan 18, 2015.
             Slain by Terence
             ... wielding a +0 trident
              (9 damage)
             ... on level 2 of the Dungeon.
             The game lasted 00:14:44 (2368 turns).

Gorice the Changer (Demigod Wanderer)               Turns: 2368, Time: 00:14:44

Health: 0/26       AC:  2    Str: 14    XL:     3   Next: 82%
Magic:  11/11      EV: 12    Int: 18    God:
Gold:   77         SH:  0    Dex: 16    Spells: 2 memorised, 7 levels left

rFire  . . .     SeeInvis .     b - +1 hunting sling (flame)
rCold  . . .     Clarity  .     d - +0 robe
rNeg   . . .     SustAb   +     (no shield)
rPois  .         Gourm    .     (no helmet)
rElec  .         Spirit   .     (no cloak)
rCorr  .         Warding  .     (no gloves)
rMut   .         Stasis   .     (no boots)
MR     .....                    (no amulet)
Stlth  +.........               (no ring)
                                (no ring)

@: confused, not resistant to hostile enchantments, very unstealthy
A: sustain abilities
a: no special abilities


You were on level 2 of the Dungeon.
You were hungry.

You visited 1 branch of the dungeon, and saw 2 of its levels.

You collected 77 gold pieces.

Inventory:

Hand weapons
 a - a +0 dagger
 b - a +1 hunting sling of flaming (weapon)
   (You found it on level 2 of the Dungeon)
 A - a +0 hunting sling
Missiles
 e - 25 arrows
 h - 8 sling bullets (quivered)
 p - 76 bolts
 Z - 22 stones
Armour
 d - a +0 robe (worn)
Scrolls
 i - a scroll of recharging {unknown}
 j - a scroll of fog {unknown}
 l - 4 scrolls of identify {unknown}
 q - a scroll of immolation {unknown}
 y - a scroll of remove curse {unknown}
 B - a scroll of random uselessness {unknown}
Potions
 k - 2 potions of cancellation {unknown}
 m - a potion of restore abilities {unknown}
 n - 4 potions of heal wounds
 o - 2 potions of curing {unknown}
 r - 2 potions of cure mutation {unknown}
 s - a potion of mutation {unknown}
 u - a potion of lignification
Books
 c - Roxanne's Compendium of Moulding

   Spells                             Type                      Level
   a - Beastly Appendage              Transmutation                1
   b - Stoneskin                      Transmutation/Earth          2
 z - a book of Changes
Comestibles
 f - a bread ration
 g - 2 fruits
 t - a meat ration
 v - a chunk of flesh
 w - a slice of pizza
 x - a royal jelly


   Skills:
 + Level 1.0 Dodging
 + Level 1.4 Unarmed Combat
 + Level 4.0 Spellcasting
 + Level 4.1 Transmutations
   Level 1.7 Evocations


You had 7 spell levels left.
You knew the following spells:

 Your Spells              Type           Power        Failure   Level  Hunger
a - Beastly Appendage     Trmt           ###...       2%          1    None
b - Sticks to Snakes      Trmt           ###.......   4%          2    ##.....


Dungeon Overview and Level Annotations

Branches:
Dungeon (2/15)

Annotations:
D:2 Terence


Innate Abilities, Weirdness & Mutations

Your attributes are resistant to harm.


Message History

Terence zaps a wand.
You resist with some effort.
Terence zaps a wand.
You resist with some effort.
Terence zaps a wand.
You are more confused.
You bump into the rock wall.
Terence zaps a wand.
You resist with some effort.
You bump into the rock wall.
Terence zaps a wand.
You are more confused.
You bump into the rock wall.
You bump into the rock wall.
You're too confused to move!
Terence misses you. Terence closely misses you.
You bump into the rock wall.
Terence closely misses you. Terence barely misses you.
Terence shouts, "ATTACK!!!"
Terence hits you from afar with a trident!
Terence hits you with a trident. Terence hits you but does no damage.
Terence hits you from afar with a trident!
You die...

#......# #........_
#......# #..###....
##.....# ##.#.#####
#.....####.........
#..................
##....>....###....<.
#.......#### ##....#
#...................
##.@...#### ########
#...@.#
#.....#############
#..................
###################


You could see Terence.

Vanquished Creatures
  2 adders (D:2)
  A worm (D:2)
  A giant gecko (D:1)
  An ooze (D:1)
  A ball python (D:1)
  5 bats
  6 giant cockroaches
  2 hobgoblins (D:1)
  A quokka (D:2)
  A giant newt (D:2)
  7 goblins
  2 jackals (D:2)
  4 kobolds
  5 rats
39 creatures vanquished.

Vanquished Creatures (collateral kills)
  An adder (D:2)
1 creature vanquished.

Grand Total: 40 creatures vanquished

Notes
Turn   | Place    | Note
--------------------------------------------------------------
     0 | D:1      | Gorice, the Demigod Wanderer, began the quest for the Orb.
     0 | D:1      | Gorice set off with: a book of Changes, a potion of lignification, Roxanne's Compendium of Moulding, a +0 robe, a +0 dagger, a bread ration
     0 | D:1      | Reached XP level 1. HP: 14/14 MP: 5/5
     0 | D:1      | Identified Roxanne's Compendium of Moulding
     2 | D:1      | Learned a level 1 spell: Beastly Appendage
   431 | D:1      | Reached XP level 2. HP: 5/20 MP: 5/7
   784 | D:1      | HP: 1/20 [giant gecko (3)]
  1505 | D:2      | Found a glowing golden altar of the Shining One.
  1525 | D:2      | Reached skill level 4 in Transmutations
  1564 | D:2      | Reached skill level 1 in Unarmed Combat
  1564 | D:2      | Reached XP level 3. HP: 14/26 MP: 10/10
  1582 | D:2      | Learned a level 2 spell: Sticks to Snakes
  1737 | D:1      | Reached skill level 4 in Spellcasting
  1957 | D:2      | Found a bloodstained altar of Trog.
  2007 | D:2      | Reached skill level 1 in Dodging
  2206 | D:2      | Found a shattered altar of Ashenzari.
  2242 | D:2      | Found a basalt altar of Yredelemnul.
  2300 | D:2      | Noticed Terence
  2368 | D:2      | Slain by Terence

Action                   || total
-------------------------++-------
Melee: Dagger            ||   109
       Unarmed           ||     6
 Fire: Hunting sling     ||    63
 Cast: Beastly Appendage ||    19
       Sticks to Snakes  ||     1
  Use: Potion            ||     1
 Stab: Sleeping          ||     1
  Eat: Chunk             ||     4

Table legend:
 A = Turns spent in this place as a percentage of turns spent in the entire game.
 B = Non-inter-level travel turns spent in this place as a percentage of non-inter-level travel turns spent in the entire game.
 C = Inter-level travel turns spent in this place as a percentage of turns spent in this place.
 D = Turns resting spent in this place as a percentage of non-inter-level travel turns spent in this place.
 E = Turns spent auto-exploring this place as a percentage of non-inter-level travel turns spent in this place.
 F = Non-inter-level travel turns spent in this place divided by the number of levels of this place that you've seen.
                   A       B       C       D       E      F
               +-------+-------+-------+-------+-------+----------------------
         Total | 100.0 | 100.0 |   1.2 |   2.1 |   3.1 | 497.0
       Dungeon | 100.0 | 100.0 |   1.2 |   2.1 |   3.1 | 497.0
               +-------+-------+-------+-------+-------+----------------------

Vault maps used:
D:1:      dpeg_arrival_orchard
D:2:      tso_altar, old_standard_altar, yredelemnul_altar_generic, st_stairs_3,
          columned_hall_lemuel, trog_book, uniq_terence
